 Dungeon Crawl Stone Soup version 0.21.1-1-g345015f (webtiles) character file.

36 tidbits the Magician (level 3, -4/25 HPs)
             Began as a Gnoll Wanderer on June 8, 2018.
             Slain by a scorpion (8 damage)
             ... on level 4 of the Dungeon.
             The game lasted 00:04:54 (379 turns).

tidbits the Magician (Gnoll Wanderer)                Turns: 379, Time: 00:04:55

Health: -4/25      AC:  2    Str: 14    XL:     3   Next: 37%
Magic:  3/11       EV: 18    Int: 16    God:
Gold:   59         SH:  0    Dex: 18    Spells: 9/16 levels left

rFire    . . .     SeeInvis .   (weapon currently unavailable)
rCold    . . .     Gourm    .   (shield currently unavailable)
rNeg     . . .     Faith    .   (armour currently unavailable)
rPois    x         Spirit   .   (helmet currently unavailable)
rElec    .         Reflect  .   (cloak currently unavailable)
rCorr    .         Harm     .   (gloves currently unavailable)
MR       .....                  (boots currently unavailable)
Stlth    ++........             (no amulet)
HPRegen  0.08/turn              l - ring of flight
MPRegen  0.12/turn              (no ring)

@: spider-form (expiring)
A: tiny, distributed training, strong nose
a: End Transformation, Evoke Flight


You were on level 4 of the Dungeon.
You were not hungry.
You were a venomous arachnid creature.
You visited 1 branch of the dungeon, and saw 4 of its levels.

You collected 59 gold pieces.

Inventory:

Hand Weapons
 a - a +0 spear (melded)
 e - a +0 club
 o - a +0 dagger
Missiles
 i - 24 arrows
 n - 24 stones (quivered)
Armour
 d - a +0 robe (melded)
 k - a +0 buckler
Jewellery
 l - a ring of flight (left front leg)
   (You found it on level 2 of the Dungeon)
Scrolls
 j - a scroll of noise {unknown}
 p - a scroll of random uselessness {unknown}
 q - a scroll of remove curse {unknown}
 r - a scroll of identify {unknown}
Potions
 g - a potion of degeneration {unknown}
 m - a potion of flight {unknown}
Books
 b - the Grimoire of Darkness

   Spells                             Type                      Level
   a - Animate Skeleton               Necromancy                   1
   b - Vampiric Draining              Necromancy                   3
 c - the Almanac of Shape Shifting

   Spells                             Type                      Level
   a - Beastly Appendage              Transmutation                1
   b - Spider Form                    Transmutation/Poison         3
 h - a book of Spatial Translocations

   Spells                             Type                      Level
   a - Blink                          Translocation                2
   b - Shroud of Golubria             Charms/Translocation         2
   c - Lesser Beckoning               Translocation                3
   d - Gell's Gravitas                Translocation                3
   e - Teleport Other                 Translocation                3
   f - Passage of Golubria            Translocation                4
Comestibles
 f - 2 rations


   Skills:
 + Level 0.7 Fighting
 + Level 0.7 Short Blades
 + Level 0.7 Long Blades
 + Level 0.7 Axes
 + Level 0.7 Maces & Flails
 + Level 0.7 Polearms
 + Level 0.7 Staves
 + Level 0.7 Slings
 + Level 0.7 Bows
 + Level 0.7 Crossbows
 + Level 2.6 Throwing
 + Level 0.7 Armour
 + Level 0.7 Dodging
 + Level 2.3 Stealth
 + Level 0.7 Shields
 + Level 0.7 Unarmed Combat
 + Level 7.1 Spellcasting
 + Level 0.5 Conjurations
 + Level 0.5 Hexes
 + Level 0.5 Charms
 + Level 0.5 Summonings
 + Level 0.5 Necromancy
 + Level 5.4 Translocations
 + Level 0.5 Transmutations
 + Level 0.5 Fire Magic
 + Level 2.1 Ice Magic
 + Level 0.5 Air Magic
 + Level 2.1 Earth Magic
 + Level 0.5 Poison Magic
 + Level 0.9 Invocations
 + Level 0.7 Evocations


You had 9 spell levels left.
You knew the following spells:

 Your Spells              Type           Power        Failure   Level  Hunger
e - Beastly Appendage     Tmut           #.....       24%         1    None
g - Shroud of Golubria    Chrm/Tloc      ###.......   16%         2    None
n - Animate Skeleton      Necr           N/A          24%         1    None
p - Spider Form           Tmut/Pois      #.........   52%         3    ##.....


Dungeon Overview and Level Annotations

Branches:
Dungeon (4/15)
 Temple: D:4-7

Altars:


Innate Abilities, Weirdness & Mutations

Your experience applies equally to all skills.
((You have very sharp teeth.))
Your uncanny sense of smell can sniff out nearby items.


Message History

Your shroud bends the hobgoblin's attack away.
You hit the kobold but do no damage.
The kobold is poisoned.
You kill the hobgoblin!
The kobold barely misses you.
You barely miss the kobold.
The kobold is moderately wounded.
The kobold closely misses you.
You hit the kobold but do no damage.
The kobold looks as sick as possible!
The kobold is moderately wounded.
The kobold hits you but does no damage.
You hit the kobold.
You kill the kobold!
Your transformation has ended.
Your +0 spear unmelds from your body.
Your +0 robe unmelds from your body.
Things that are here:
a short sword; 2 stones
Found 24 stones and a dagger.
Your shroud begins to fray at the edges.
You see here 24 stones.
n - 24 stones You see here a dagger.
o - a dagger Your shroud unravels.
Your magical contamination has completely faded away.
Found a scroll labeled BIALOO IN XEA.
You see here a scroll labeled BIALOO IN XEA.
p - a scroll labeled BIALOO IN XEA You hear the slow rusting of a very distant drain.
Found a scroll labeled ECKURE XUOHASK.
Unknown command.
Found a scroll labeled NIUWYE CYCZAWIH.
A kobold comes into view. It is wielding a whip.
The kobold shouts!
The kobold throws a stone.
The stone hits you but does no damage.
You see here a stone.
Casting: Spider Form
Confirm with . or Enter, or press ? or * to list all spells.
You turn into a venomous arachnid creature.
Your +0 spear melds into your body.
Your +0 robe melds into your body.
The kobold throws a stone.
The stone misses you.
Found a stone staircase leading down.
You closely miss the kobold. The kobold hits you but does no damage.
You hit the kobold.
The kobold is poisoned.
The kobold is moderately wounded.
The kobold hits you with a whip!
You closely miss the kobold.
The kobold is severely wounded.
You kill the kobold!
Your transformation is almost over.
Things that are here:
a whip; a kobold corpse You see here a scroll labeled NIUWYE CYCZAWIH.
q - a scroll labeled NIUWYE CYCZAWIH
There is a stone staircase leading down here.
You see here a scroll labeled ECKURE XUOHASK.
r - a scroll labeled ECKURE XUOHASK
There is a stone staircase leading down here.
Your transformation has ended.
Your +0 spear unmelds from your body.
Your +0 robe unmelds from your body.
You climb downwards.
An adder and a scorpion come into view.
Found a plate armour.
There is a stone staircase leading up here.
The helpless scorpion fails to defend itself.
You hit the scorpion but do no damage. The scorpion barely misses you.
Casting: Spider Form
Confirm with . or Enter, or press ? or * to list all spells.
You turn into a venomous arachnid creature.
Your +0 spear melds into your body.
Your +0 robe melds into your body.
The adder hisses angrily.
The adder completely misses you. The scorpion stings you.
* * * LOW HITPOINT WARNING * * *
Unknown command.
Casting: Spider Form
Confirm with . or Enter, or press ? or * to list all spells.
Space distorts slightly along a thin shroud covering your body.
The adder misses you. The scorpion closely misses you.
You hit the scorpion but do no damage.
The scorpion is poisoned.
The adder closely misses you. The scorpion completely misses you.
You barely miss the scorpion.
The scorpion is lightly wounded.
Your transformation is almost over.
The adder bites you.
* * * LOW HITPOINT WARNING * * *
Your shroud falls apart!
The scorpion closely misses you.
You closely miss the adder. The adder misses you. The adder closely misses you.
The scorpion barely misses you.
You hit the adder but do no damage.
The adder is poisoned.
The adder misses you. The scorpion misses you.
You closely miss the scorpion.
The scorpion is heavily wounded.
The adder closely misses you. The scorpion stings you.
* * * LOW HITPOINT WARNING * * *
You hit the adder but do no damage.
The adder looks as sick as possible!
The adder is moderately wounded.
The adder bites you.
* * * LOW HITPOINT WARNING * * *
The adder completely misses you. The scorpion stings you!
You die...

#...# #...#
#...# #...#
#...##
#....#
#..Ss#
#.[s.#
####.......
∆ ..#.##.
#...# #..#
.... .... ∆
.##.


You could see a scorpion and an adder.

Vanquished Creatures
  A hound skeleton (D:2)
  An adder (D:3)
  A ball python (D:1)
  A goblin (D:2)
  3 hobgoblins
  3 kobolds
  A frilled lizard (D:1)
  4 rats (D:1)
15 creatures vanquished.

Notes
Turn   | Place    | Note
-------+----------+-------------------------------------------
     0 | D:1      | tidbits the Gnoll Wanderer began the quest for the Orb.
     0 | D:1      | tidbits set off with: a book of Spatial Translocations, the Grimoire of Darkness, the Almanac of Shape Shifting, a +0 robe, a +0 club, a ration
     0 | D:1      | Reached XP level 1. HP: 13/13 MP: 8/8
     0 | D:1      | Identified the Grimoire of Darkness
     0 | D:1      | Identified the Almanac of Shape Shifting
     2 | D:1      | Learned a level 1 spell: Beastly Appendage
     4 | D:1      | Learned a level 1 spell: Animate Skeleton
   164 | D:1      | Reached skill level 2 in Ice Magic
   164 | D:1      | Reached skill level 2 in Earth Magic
   187 | D:1      | Reached XP level 2. HP: 8/19 MP: 10/10
   199 | D:1      | Learned a level 2 spell: Shroud of Golubria
   263 | D:2      | Reached XP level 3. HP: 12/25 MP: 6/11
   268 | D:2      | Learned a level 3 spell: Spider Form
   370 | D:4      | Noticed a scorpion
   379 | D:4      | Slain by a scorpion

Skill      XL: |  1 |
---------------+----+-----
Ice Magic      | 2 |  2.1
Earth Magic    | 2 |  2.1
Fighting       | |  0.7
Short Blades   | |  0.7
Long Blades    | |  0.7
Axes           | |  0.7
Maces & Flails | |  0.7
Polearms       | |  0.7
Staves         | |  0.7
Slings         | |  0.7
Bows           | |  0.7
Crossbows      | |  0.7
Throwing       | |  2.6
Armour         | |  0.7
Dodging        | |  0.7
Stealth        | |  2.3
Shields        | |  0.7
Unarmed Combat | |  0.7
Spellcasting   | |  7.1
Conjurations   | |  0.5
Hexes          | |  0.5
Charms         | |  0.5
Summonings     | |  0.5
Necromancy     | |  0.5
Translocations | |  5.4
Transmutations | |  0.5
Fire Magic     | |  0.5
Air Magic      | |  0.5
Poison Magic   | |  0.5
Invocations    | |  0.9
Evocations     | |  0.7

Action                   || total
-------------------------++-------
Melee: Spear             ||    31
       Club              ||     7
       Headbutt          ||     2
       Kick              ||     4
       Unarmed           ||    17
 Cast: Beastly Appendage ||     7
       Shroud of Golubri ||     5
       Spider Form       ||     3
 Stab: Sleeping          ||     4
Armor: Robe              ||     2
Dodge: Dodged            ||    40

Table legend:
 A = Turns spent in this place as a percentage of turns spent in the entire game.
 B = Non-inter-level travel turns spent in this place as a percentage of non-inter-level travel turns spent in the entire game.
 C = Inter-level travel turns spent in this place as a percentage of turns spent in this place.
 D = Turns resting spent in this place as a percentage of non-inter-level travel turns spent in this place.
 E = Turns spent auto-exploring this place as a percentage of non-inter-level travel turns spent in this place.
 F = Non-inter-level travel turns spent in this place divided by the number of levels of this place that you've seen.
                   A       B       C       D       E      F
               +-------+-------+-------+-------+-------+----------------------
         Total | 100.0 | 100.0 |   0.0 |   0.0 |   0.0 |  94.8
       Dungeon | 100.0 | 100.0 |   0.0 |   0.0 |   0.0 |  94.8
               +-------+-------+-------+-------+-------+----------------------

Table legend:
 A = Kills in this place as a percentage of kills in entire the game.
 B = Kills by you in this place as a percentage of kills by you in the entire game.
 C = Kills by friends in this place as a percentage of kills by friends in the entire game.
 D = Other kills in this place as a percentage of other kills in the entire game.
 E = Experience gained in this place as a percentage of experience gained in the entire game.
 F = Experience gained in this place divided by the number of levels of this place that you have seen.
                   A       B       C       D       E      F
               +-------+-------+-------+-------+-------+----------------------
         Total | 100.0 | 100.0 |   N/A |   N/A | 100.0 |  13.0
       Dungeon | 100.0 | 100.0 |   N/A |   N/A | 100.0 |  13.0
               +-------+-------+-------+-------+-------+----------------------

Vault maps used:
D:1:      erik_arrival_orb_chamber
D:2:      lemuel_round_altar, uniq_natasha
D:3:      overflow_temple_1_default, gup_sewer_entry_glass, minmay_cupped
D:4:      lemuel_doored_altar, first_ration, uniq_pikel
